 Dungeon Crawl Stone Soup version 0.20-a0-277-g7db01f4 (webtiles) character file.

89 ExecutiveFodder the Skirmisher (level 4, -6/38 HPs)
             Began as a Demonspawn Chaos Knight on Dec 13, 2016.
             Mangled by Sigmund
             ... wielding a +0 scythe
              (7 damage)
             ... on level 2 of the Dungeon.
             The game lasted 00:05:15 (966 turns).

ExecutiveFodder the Skirmisher (DsCK)                Turns: 966, Time: 00:05:15

Health: -6/38      AC:  8    Str: 13    XL:     4   Next: 31%
Magic:  4/4        EV:  9    Int: 14    God:    Xom [..*...]
Gold:   43         SH:  0    Dex: 12    Spells: 3/3 levels left

rFire  . . .     SeeInvis .     a - +0 falchion (chaos)
rCold  . . .     Gourm    .     l - +0 scale mail
rNeg   . . .     Faith    .     (no shield)
rPois  .         Spirit   .     f - +0 helmet
rElec  .         Reflect  .     (no cloak)
rCorr  .         Harm     .     (no gloves)
MR     .....                    (no boots)
Stlth  ++........               (no amulet)
                                (no ring)
                                (no ring)

@: no status effects
A: hooves 1, demonic guardian 1, nightstalker 1
a: Renounce Religion


You were on level 2 of the Dungeon.
You worshipped Xom.
You were a toy of Xom.
You were not hungry.

You visited 1 branch of the dungeon, and saw 2 of its levels.

You collected 43 gold pieces.

Inventory:

Hand Weapons
 a - a +0 falchion of chaos (weapon)
Armour
 b - a +2 leather armour
 f - a +0 helmet (worn)
 l - a +0 scale mail (worn)
Jewellery
 e - an uncursed amulet of guardian spirit {unknown}
 n - a cursed +3 ring of dexterity {unknown}
Scrolls
 j - 2 scrolls of identify {unknown}
Potions
 d - 2 potions of lignification {unknown}
 g - a potion of brilliance {unknown}
 h - a potion of flight {unknown}
 k - a potion of curing {unknown}
 o - 2 potions of magic {unknown}
Comestibles
 c - a bread ration
 i - a meat ration
 m - 4 fruits


   Skills:
 + Level 4.4 Fighting
 + Level 4.1 Long Blades
 + Level 2.4 Throwing
 + Level 4.2 Armour
 + Level 1.0 Dodging
 + Level 2.8 Stealth


You had 3 spell levels left.
You didn't know any spells.

Dungeon Overview and Level Annotations

Branches:
Dungeon (2/15)

Altars:
Ru

Annotations:
D:2 Sigmund


Innate Abilities, Weirdness & Mutations

You have large cloven feet.
A weak demonic guardian rushes to your aid.
You are slightly more attuned to the shadows.


Message History

You feel sick.
Found a stone staircase leading down.
Unknown command.
You swap places.
You see here an adder corpse.
You feel sick.
You are no longer poisoned.
You hit something. You kick something. You hit something. You burn something.
You kick something. You barely miss something. Something hits you!
* * * LOW HITPOINT WARNING * * *
A goblin comes into view.
You miss something.
The goblin shouts!
You kick something.
Your iron imp disappears in a puff of smoke!
You miss something. Something hits you.
* * * LOW HITPOINT WARNING * * *
Something hits you!
You die...

# #.#># #.#.#
#.#.# #.#.# #
##### #.#.# ##
.[...##.#.# #.
..$g.{.@..# #.
####.##.### #.
#.##.# #.# ##
#.##.# #[# #
#....# #.# #.####
#.# #.# #.###
#.##########.#.##
#...............##


You could see a goblin.

Vanquished Creatures
  2 adders (D:2)
  An ooze (D:1)
  2 worms (D:2)
  3 dart slugs
  An orc (D:1)
  A giant cockroach (D:1)
  3 goblins
  2 hobgoblins (D:2)
  8 jackals (D:1)
  A ball python (D:2)
  4 bats (D:1)
  5 frilled lizards
  2 kobolds
  2 rats
37 creatures vanquished.

Vanquished Creatures (collateral kills)
  An adder (D:2)
1 creature vanquished.

Grand Total: 38 creatures vanquished

Notes
Turn   | Place    | Note
-------+----------+-------------------------------------------
     0 | D:1      | ExecutiveFodder the Demonspawn Chaos Knight began the quest for the Orb.
     0 | D:1      | Reached XP level 1. HP: 18/18 MP: 1/1
    62 | D:1      | XOM: potion effect (experience)
    62 | D:1      | Gained mutation: You have large cloven feet. [demonic ancestry]
    62 | D:1      | Reached XP level 2. HP: 23/25 MP: 2/2
    92 | D:1      | XOM: divination: magic mapping
   213 | D:1      | Gained mutation: You are slightly more attuned to the shadows. [demonic ancestry]
   213 | D:1      | Reached XP level 3. HP: 29/31 MP: 3/3
   286 | D:1      | XOM: divination: detect creatures
   539 | D:2      | Reached skill level 1 in Dodging
   547 | D:2      | Gained mutation: A weak demonic guardian rushes to your aid. [demonic ancestry]
   547 | D:2      | Reached XP level 4. HP: 24/38 MP: 4/4
   822 | D:2      | Found a sacrificial altar of Ru.
   941 | D:2      | Noticed Sigmund
   943 | D:2      | XOM: enchant monster (good)
   965 | D:2      | HP: 1/38 [something (6)]
   966 | D:2      | Mangled by Sigmund

Vault maps used:
D:1:      dpeg_arrival_simpleton_b
D:2:      nicolae_ru_path_of_blood, uniq_sigmund, uniq_robin

Skill      XL: |  1  2  3 |
---------------+----------+-----
Fighting       | 4 |  4.4
Long Blades    | 3 4 |  4.1
Throwing       | 2 |  2.4
Armour         | 4 |  4.2
Stealth        | 2 |  2.8
Dodging        | 1 |  1.0

Action                   |  1- 3 |  4- 6 || total
-------------------------+-------+-------++-------
Melee: Falchion          |    87 |    32 ||   119
       Kick              |    28 |    11 ||    39
 Stab: Sleeping          |     2 |     1 ||     3
       Petrified         |       |     3 ||     3
Armor: Leather armour    |    66 |     1 ||    67
       Scale mail        |       |     3 ||     3
Dodge: Dodged            |    73 |    12 ||    85
       Rpst.: Falchion   |    23 |     3 ||    26
